 Dungeon Crawl Stone Soup version 0.25.0 (webtiles) character file.

Game seed: 13092033780627175721

393 grindst0ne the Shield-Bearer (level 6, -1/40 HPs)
             Began as a Gargoyle Fighter on June 12, 2020.
             Killed by divine providence
             ... invoked by an orc priest
              (12 damage)
             ... on level 4 of the Dungeon.
             The game lasted 00:04:34 (2880 turns).

grindst0ne the Shield-Bearer (Gargoyle Fighter)     Turns: 2880, Time: 00:04:34

Health: -1/40      AC: 18    Str: 21    XL:     6   Next: 81%
Magic:  15/15      EV:  7    Int:  9    God:
Gold:   107        SH: 10    Dex:  9    Spells: 5/5 levels left

rFire    . . .     SeeInvis .   g - +2 flail (protect)
rCold    . . .     Gourm    .   c - +0 kite shield
rNeg     + . .     Faith    .   b - +0 scale mail
rPois    ∞         Spirit   .   (no helmet)
rElec    +         Reflect  .   (no cloak)
rCorr    .         Harm     .   (no gloves)
MR       .....                  (no boots)
Stlth    ..........             (no amulet)
HPRegen  0.13/turn              o - ring of magical power
MPRegen  0.14/turn              (no ring)

@: protection aura
A: negative energy resistance 1, electricity resistance, unbreathing,
petrification resistance, rot immunity, AC +4
a: no special abilities


You were on level 4 of the Dungeon.
You were not hungry.

You visited 1 branch of the dungeon, and saw 4 of its levels.

You collected 107 gold pieces.

Inventory:

Hand Weapons
 a - a +0 war axe
 g - a +2 flail of protection (weapon)
Armour
 b - a +0 scale mail (worn)
 c - a +0 kite shield (worn)
Jewellery
 o - a ring of magical power (left hand)
Wands
 r - a wand of clouds (6)
Scrolls
 d - a scroll of random uselessness {unknown}
 h - a scroll of noise {unknown}
 j - 2 scrolls of remove curse {unknown}
 l - a scroll of blinking {unknown}
 n - 3 scrolls of teleportation {unknown}
 q - a scroll of magic mapping {unknown}
Potions
 e - 2 potions of stabbing
 i - a potion of degeneration {unknown}
 k - a potion of haste
 m - a potion of berserk rage {unknown}
 p - a potion of flight {unknown}
 s - 3 potions of brilliance {unknown}
Comestibles
 f - 2 rations
 t - 2 chunks of flesh


   Skills:
 + Level 5.3 Fighting
 + Level 3.9 Axes
 - Level 3.2 Armour
 + Level 5.4 Shields


You had 5 spell levels left.
You didn't know any spells.
Your spell library was empty.

Dungeon Overview and Level Annotations

Branches:
Dungeon (4/15)
 Temple: D:4-7

Altars:
Gozag
Wu Jian

Annotations:
D:2 exclusion: downstairs


Innate Abilities, Weirdness & Mutations

You are resistant to torment.
Your stone body is resilient. (AC +4)
You are immune to poison.
You resist negative energy. (rN+)
You are resistant to electric shocks. (rElec)
You can survive without breathing.
You are immune to petrification.
You are immune to rotting.


Message History

You sock the orc priest!
The orc priest is heavily wounded.
You block the orc's attack. You block the orc priest's attack.
You hit the orc priest.
The orc priest is almost dead.
An orc comes into view. It is wielding a +0 flail.
The orc priest mumbles some strange prayers to Beogh against you.
Pain shoots through your body!
* * * LOW HITPOINT WARNING * * *
You block the orc's attack.
You barely miss the orc priest.
The orc priest is almost dead.
The orc priest hits you but does no damage.
You block the orc's attack.
You hit the orc priest but do no damage.
The orc priest is almost dead.
You block the orc priest's attack. You block the orc's attack.
The orc priest calls down the wrath of Beogh upon you.
Beogh smites you!
You die...

..........#...
###
###...###.####.#
##..# #.# #
#.####..###.#
#...........#
...#####..######
#.>.............#
#...####..#####.#
# #..o@oao.#
#.#####..#
......?..# #
.#.####....
#...... ####...#
..... .... ....


You could see a worker ant, an orc priest and 2 orcs.

Vanquished Creatures
  A sky beast (D:3)
  A bullfrog (D:2)
  Terence (D:3)
  4 gnolls (D:3)
  11 adders
  2 oozes (D:3)
  2 worms
  A dart slug (D:1)
  4 leopard geckos
  4 giant cockroaches
  8 goblins
  7 hobgoblins
  4 jackals
  A ball python (D:1)
  6 bats
  4 frilled lizards
  3 kobolds
  3 rats
67 creatures vanquished.

Notes
Turn   | Place    | Note
-------+----------+-------------------------------------------
     0 | D:1      | grindst0ne the Gargoyle Fighter began the quest for the
                  | Orb.
     0 | D:1      | Reached XP level 1. HP: 14/14 MP: 1/1
    91 | D:1      | Reached XP level 2. HP: 14/19 MP: 2/2
   826 | D:2      | Reached XP level 3. HP: 24/24 MP: 3/3
   827 | D:2      | Found an ornate altar of the Wu Jian Council.
   941 | D:2      | Reached XP level 4. HP: 24/29 MP: 4/4
  1193 | D:2      | Noticed a bullfrog
  1207 | D:2      | Killed a bullfrog
  1207 | D:2      | Reached XP level 5. HP: 34/34 MP: 5/5
  1711 | D:3      | Noticed a sky beast
  1764 | D:3      | Killed a sky beast
  1764 | D:3      | Reached skill level 5 in Fighting
  1764 | D:3      | Reached skill level 5 in Shields
  1764 | D:3      | Reached XP level 6. HP: 11/40 MP: 6/6
  1985 | D:3      | Noticed Terence
  2223 | D:3      | Found an opulent altar of Gozag.
  2280 | D:3      | Killed Terence
  2880 | D:4      | Killed from afar by an orc priest

Illustrated notes

Levels and vault maps discovered:
D:1:      nzn_arrival_settlement, layout_loops_ring
D:2:      layout_loops_ring, nicolae_overflow_crystal_walls, serial_bayou,
          serial_bayou_lagoon_a, serial_bayou_crossing, serial_bayou_pond_d,
          serial_bayou_pond_b
D:3:      layout_basic, overflow_temple_1_default, uniq_terence
D:4:      layout_loops_ring

Skill      XL: |  1  2  3  4  5 |
---------------+----------------+-----
Axes           | 2 3 |  3.9
Shields        | 4 5 |  5.4
Fighting       | 4 5 |  5.3
Armour         | |  3.2

Action                   |  1- 3 |  4- 6 || total
-------------------------+-------+-------++-------
Melee: War axe           |    85 |   121 ||   206
       Flail             |       |    74 ||    74
Throw: Throwing net      |       |     1 ||     1
  Use: Potion            |       |     5 ||     5
       Scroll            |       |     2 ||     2
  Eat: Chunk             |       |     7 ||     7
Armor: Scale mail        |    39 |   102 ||   141
       Skin              |       |    13 ||    13
Dodge: Dodged            |    25 |    47 ||    72
Block: Kite shield       |    47 |   104 ||   151
